 Dungeon Crawl Stone Soup version 0.25.1-9-gc5326a611f (webtiles) character file.

Game seed: 4585905706204508897

51709 Goreval the Cardsharp (level 14, -1/93 HPs)
             Began as an Octopode Wizard on Jan 1, 2021.
             Was a High Priest of Nemelex Xobeh.
             Slain by a hell hound (13 damage)
             ... on level 6 of the Lair of Beasts.
             The game lasted 01:47:42 (32847 turns).

Goreval the Cardsharp (Octopode Wizard)            Turns: 32847, Time: 01:47:43

Health: -1/93      AC:  2    Str:  6    XL:     14   Next: 60%
Magic:  29/37      EV: 20    Int: 26    God:    Nemelex Xobeh [*****.]
Gold:   541        SH:  0    Dex: 16    Spells: 2/34 levels left

rFire    + + .     SeeInvis +   a - +9 dagger "Qostrifo" {venom, +Blink rF++}
rCold    + . .     Gourm    .   (no shield)
rNeg     . . .     Faith    .   N - +1 hat
rPois    .         Spirit   .   i - amulet of magic regeneration
rElec    .         Reflect  .   v - ring of protection from magic
rCorr    .         Harm     .   y - ring of Beff {rC+ MR+ SInv}
MR       ++++.                  T - +6 ring of dexterity
Stlth    ++++++++..             z - ring of Shadows {Umbra +Inv Stlth+}
HPRegen  0.25/turn              D - ring of flight
MPRegen  0.50/turn              R - ring of wizardry
                                m - ring of protection from magic
                                H - ring of magical power

@: wreathed by umbra
A: almost no armour, stealthy swim, amphibious, 8 rings, constrict 8, camouflage
1, gelatinous body 1
a: Draw Escape, Draw Destruction, Draw Summoning, Draw Stack, Triple Draw, Deal
Four, Stack Five, Renounce Religion, Evoke Blink, Evoke Invisibility, Evoke
Flight


You were on level 6 of the Lair of Beasts.
You worshipped Nemelex Xobeh.
Nemelex Xobeh was extremely pleased with you.
You were not hungry.

You visited 3 branches of the dungeon, and saw 19 of its levels.

You collected 862 gold pieces.
You spent 321 gold pieces at shops.

Inventory:

Hand Weapons
 a - the +9 dagger "Qostrifo" (weapon) {venom, +Blink rF++}
   (You found it on level 10 of the Dungeon)

   It poisons the flesh of those it strikes.
   It greatly protects you from fire.
   It lets you blink.
Armour
 N - a +1 hat (worn)
Magical Staves
 b - an uncursed staff of energy
 r - an uncursed staff of cold
 L - an uncursed staff of fire
Jewellery
 i - an amulet of magic regeneration (around mantle)
 m - a ring of protection from magic (on tentacle)
 n - an uncursed ring of protection from cold
 s - an uncursed ring of ice
 v - a ring of protection from magic (left tentacle)
 y - the ring of Beff (right tentacle) {rC+ MR+ SInv}
   (You found it on level 4 of the Dungeon)

   [ring of see invisible]

   It protects you from cold.
   It affects your resistance to hostile enchantments.
   It lets you see invisible.
 z - the ring of Shadows (on tentacle) {Umbra +Inv Stlth+}
   (You found it on level 4 of the Dungeon)

   [ring of stealth]

   It lets you turn invisible.
   It makes you more stealthy.
 A - an uncursed ring of stealth
 D - a ring of flight (on tentacle)
 H - a ring of magical power (on tentacle)
 Q - an uncursed ring of protection from cold
 R - a ring of wizardry (on tentacle)
 T - a +6 ring of dexterity (on tentacle)
Wands
 f - a wand of paralysis (20)
 u - a wand of random effects (54)
 C - a wand of acid (16)
 G - a wand of enslavement (4)
 I - a wand of disintegration (10)
 O - a wand of flame (37)
 S - a wand of polymorph (4)
 W - a wand of clouds (3)
Scrolls
 e - 2 scrolls of blinking
 j - 5 scrolls of remove curse
 k - a scroll of silence
 p - 3 scrolls of amnesia
 F - 11 scrolls of identify
 K - 3 scrolls of fear
 M - 5 scrolls of magic mapping
 P - 8 scrolls of teleportation
 U - a scroll of enchant armour
Potions
 d - 6 potions of might
 g - 3 potions of resistance
 h - 5 potions of cancellation
 l - 3 potions of heal wounds
 o - 7 potions of curing
 q - 3 potions of mutation
 t - 4 potions of stabbing
 w - 2 potions of ambrosia
 x - a potion of haste
 B - a potion of brilliance
 E - 6 potions of flight
 V - a potion of lignification
Comestibles
 c - 34 rations
 J - 3 chunks of flesh


   Skills:
 + Level 7.9 Fighting
 - Level 9.6 Dodging
 - Level 6.2 Stealth
 + Level 10.7 Spellcasting
 - Level 11.0 Conjurations
 - Level 4.0 Hexes
 - Level 2.0 Summonings
 - Level 3.0 Translocations
 + Level 4.8 Earth Magic
 - Level 10.0 Poison Magic
 + Level 11.3 Invocations
 * Level 2.5 Evocations


You had 2 spell levels left.
You knew the following spells:

 Your Spells              Type           Power        Failure   Level  Hunger
a - Poisonous Vapours     Pois/Air       #####.       1%          2    None
b - Mephitic Cloud        Conj/Pois/Air  ######..     1%          3    None
c - Conjure Flame         Conj/Fire      #####...     1%          3    None
d - Searing Ray           Conj           ######       1%          2    None
e - Iskenderun's Mystic   Conj/Tloc      ######..     1%          4    None
f - Fulminant Prism       Conj/Hex       ######....   1%          4    None
g - Dazzling Flash        Conj/Hex       ######       1%          3    None
n - Blink                 Tloc           N/A          1%          2    None
o - Olgreb's Toxic Radia  Pois           ######..     1%          4    None
p - Passwall              Tmut/Erth      ####....     1%          2    None
v - Magic Dart            Conj           ####         1%          1    None
z - Call Imp              Summ           ###.....     1%          2    None

Your spell library contained the following spells:

 Spells                   Type           Power        Failure   Level  Hunger
 Corona                   Hex            ####...      1%          1    None
 Sandblast                Erth           #####.       1%          1    None
 Sting                    Tmut/Pois      ####         1%          1    None
 Slow                     Hex            ####....     1%          2    None
 Ignite Poison            Fire/Tmut/Pois ####....     1%          3    None
 Portal Projectile        Hex/Tloc       ####..       1%          3    None
 Stone Arrow              Conj/Erth      ######       1%          3    None
 Inner Flame              Hex/Fire       ###.....     2%          3    None
 Leda's Liquefaction      Hex/Erth       #####.....   2%          4    None
 Cause Fear               Hex            ####......   3%          4    None
 Petrify                  Tmut/Erth      ####....     6%          4    None
 Lee's Rapid Deconstruct  Erth           #####.....   6%          5    ####...


Dungeon Overview and Level Annotations

Branches:
Dungeon (12/15)            Temple (1/1) D:7            Lair (6/6) D:8
 Shoals (0/4) Lair:3       Spider (0/4) Lair:2        Slime (0/5) Lair:6
    Orc (0/2) D:9

Altars:
Cheibriados
Hepliaklqana
Nemelex Xobeh
Sif Muna
Uskayaw
Jiyva

Shops:
D:4 *   D:9 %**%   D:11 *

Annotations:
D:7 1 runed translucent door, OdinFK's ghost, novice HaHu
Lair:2 1 runed translucent door, Kelepopn's ghost, journeyman TeAE


Innate Abilities, Weirdness & Mutations

You cannot wear most types of armour.
You are very stealthy in the water. (Stealth+)
You are amphibious.
You can wear up to eight rings at the same time.
You can use your tentacles to constrict eight enemies at once.
Your skin changes colour to match your surroundings (Stealth+).
Your rubbery body absorbs attacks. (AC +1, EV +1)


Message History

Okay, then.
Here: a hell hound (catching its breath, umbra)
The floor.
Unknown command.
Unknown command.
Unknown command.
The hell hound bites you!
* * * LOW HITPOINT WARNING * * *
A rock wall.
This square is wreathed by an umbra.
The hell hound closely misses you. The hell hound bites you!
* * * LOW HITPOINT WARNING * * *
You begin to meditate on the wall.
You continue meditating on the rock.
The hell hound breathes flames at you. The blast of flame hits you. You resist.
* * * LOW HITPOINT WARNING * * *
You continue meditating on the rock.
The hell hound bites you!
You die...
Your body disappears without a glow.

...P..## #≈..........#§§§§##8#
#......## #≈...........§§§≈≈###
........## #..........##§§≈§#
.........### #.........####≈≈§#
...........## #.........8# #≈§≈≈≈
............# #....####.## §§≈###
#...........####..## 8#8 ###
#.........[..# #h.# # ##
..P..........###@###### #####
...#.....###..######..#### ##....
........#.##P....##.#....###.....
..#....................†.........
.###.##...###P.....##............
## ###.###.####.........#.......#
### ### #......#..#.##..#.##
#.....############# ##.#..#


You could see a hell hound.

Vanquished Creatures
  Fannar (Lair:2)
  5 hydras
  9 death yaks
  3 two-headed ogres
  2 unseen horrors
  2 lindwurms
  Pikel (D:9)
  5 elephants (Lair:5)
  8 black mambas
  Psyche (D:9)
  10 spiny frogs
  2 molten gargoyles (Lair:6)
  Maggie (D:7)
  6 komodo dragons
  A queen bee (Lair:4)
  3 meliai (Lair:4)
  A troll (D:9)
  3 polar bears
  Grinder (D:5)
  11 blink frogs
  4 hippogriffs
  6 wyverns
  47 yaks
  2 hungry ghosts
  4 basilisks
  2 redbacks (Lair:2)
  2 steam dragons
  2 wargs (D:9)
  A soldier ant (D:11)
  10 water moccasins
  13 porcupines
  2 hell hounds (Lair:6)
  3 slaves (D:9)
  4 orc warriors
  2 ice beasts
  3 sky beasts
  6 black bears
  6 ogres
  2 phantoms
  34 wolves
  2 eyes of draining
  4 centaurs
  17 crocodiles
  15 bullfrogs
  A gnoll sergeant (D:6)
  3 scorpions
  29 killer bees
  4 jellies
  9 wights
  3 howler monkeys
  3 crimson imps
  2 lava snakes (Lair:6)
  2 bullfrog zombies (D:8)
  9 hounds
  4 orc wizards
  A quasit (D:7)
  A bullfrog skeleton (D:9)
  2 centaur skeletons
  7 orc priests
  2 iguanas
  Natasha (twice) (D:2)
  9 worker ants
  A killer bee zombie (D:8)
  3 hound skeletons
  A hound zombie (D:9)
  4 gnolls
  7 adders
  2 shadow imps
  4 adder skeletons
  An adder zombie (D:5)
  A dart slug (D:2)
  4 worms
  3 leopard geckos
  36 orcs
  5 giant cockroaches
  8 goblins
  6 hobgoblins
  2 jackals (D:1)
  9 kobolds
  4 quokkas
  5 ball pythons
  6 bats
  4 frilled lizards
  A jackal zombie (D:7)
  2 leopard gecko skeletons
  A quokka skeleton (D:8)
  7 rats
  A fungus (Lair:5)
  A plant (Lair:2)
491 creatures vanquished.

Vanquished Creatures (collateral kills)
  A hydra (Lair:5)
  A torpor snail (Lair:2)
  A spiny frog (Lair:6)
  Prince Ribbit (D:7)
  Sigmund (D:4)
  Menkaure (D:7)
  An orc warrior (D:9)
  A slave (D:9)
  A centaur (D:5)
  A big kobold (D:7)
  3 bullfrogs
  2 scorpions
  A killer bee (D:8)
  Terence (D:2)
  Natasha (D:2)
  An iguana (D:8)
  2 worker ants
  3 gnolls
  An adder (D:2)
  An ooze (D:6)
  A worm (D:3)
  7 orcs
  3 kobolds (D:7)
  A fungus (Lair:5)
38 creatures vanquished.

Vanquished Creatures (others)
  9 fulminant prisms
  61 fungi
  15 plants
85 creatures vanquished.

Grand Total: 614 creatures vanquished

Notes
Turn   | Place    | Note
-------+----------+-------------------------------------------
     0 | D:1      | Goreval the Octopode Wizard began the quest for the Orb.
     0 | D:1      | Reached XP level 1. HP: 11/11 MP: 4/4
   294 | D:1      | Reached XP level 2. HP: 7/17 MP: 3/6
   842 | D:2      | Learned a level 2 spell: Blink
   845 | D:2      | Learned a level 2 spell: Call Imp
  1010 | D:2      | Reached XP level 3. HP: 21/21 MP: 1/7
  1137 | D:2      | Noticed Terence
  1281 | D:2      | Noticed Natasha
  1289 | D:2      | Killed Natasha
  1881 | D:2      | Reached XP level 4. HP: 22/27 MP: 2/9
  2183 | D:2      | Noticed Natasha
  2190 | D:2      | Killed Natasha
  2787 | D:3      | Learned a level 3 spell: Mephitic Cloud
  2828 | D:3      | Found a faded altar of an unknown god.
  2988 | D:3      | Reached XP level 5. HP: 31/31 MP: 8/10
  3462 | D:3      | Learned a level 3 spell: Conjure Flame
  3718 | D:2      | Noticed Natasha
  3723 | D:2      | Killed Natasha
  3773 | D:2      | Killed Terence
  3942 | D:4      | Noticed Sigmund
  4042 | D:4      | Found Dasij's General Store.
  4402 | D:4      | Reached XP level 6. HP: 29/37 MP: 5/11
  4555 | D:4      | Got a flickering brass ring
  4577 | D:4      | Reached skill level 1 in Fighting
  5196 | D:4      | Found the ring of Shadows {Umbra +Inv Stlth+}
  5207 | D:4      | Identified the ring of Beff {rC+ MR+ SInv} (You found it on
                  | level 4 of the Dungeon)
  5905 | D:4      | Learned a level 2 spell: Searing Ray
  6011 | D:5      | Entered Level 5 of the Dungeon
  6064 | D:5      | Found a sparkling altar of Nemelex Xobeh.
  6074 | D:5      | Became a worshipper of Nemelex Xobeh the Trickster
  6169 | D:5      | Received a gift from Nemelex Xobeh
  6424 | D:5      | Noticed Grinder
  7035 | D:5      | Reached XP level 7. HP: 45/45 MP: 8/13
  7281 | D:4      | Killed Sigmund
  7281 | D:4      | Reached skill level 5 in Stealth
  7434 | D:6      | Reached skill level 5 in Conjurations
  7535 | D:6      | Reached * piety under Nemelex Xobeh
  7591 | D:6      | Received a gift from Nemelex Xobeh
  8250 | D:6      | Found a sparkling altar of Nemelex Xobeh.
  8748 | D:7      | Reached XP level 8. HP: 50/50 MP: 9/14
  8887 | D:7      | Noticed Prince Ribbit
  9110 | D:7      | Found a runed translucent door.
  9110 | D:7      | Noticed OdinFK's ghost (novice HaHu)
  9128 | D:7      | Noticed Maggie
  9164 | D:7      | Killed Maggie
  9827 | D:7      | Reached skill level 1 in Invocations
  9906 | D:7      | Killed Prince Ribbit
  9906 | D:7      | Reached skill level 5 in Spellcasting
  9992 | D:7      | Noticed Menkaure
 10071 | D:7      | Killed Menkaure
 10071 | D:7      | Reached XP level 9. HP: 26/54 MP: 13/16
 10527 | D:7      | Found a staircase to the Ecumenical Temple.
 10537 | Temple   | Entered the Ecumenical Temple
 10575 | D:7      | Reached skill level 5 in Dodging
 10726 | D:7      | Learned a level 4 spell: Iskenderun's Mystic Blast
 11098 | D:5      | Killed Grinder
 11278 | D:8      | Noticed a two-headed ogre
 11392 | D:8      | Reached ** piety under Nemelex Xobeh
 11545 | D:8      | Killed a two-headed ogre
 11545 | D:8      | Reached XP level 10. HP: 59/63 MP: 4/19
 11617 | D:8      | Learned a level 4 spell: Fulminant Prism
 12042 | D:8      | Received a gift from Nemelex Xobeh
 12296 | D:8      | Reached skill level 5 in Invocations
 12397 | D:8      | Found a staircase to the Lair.
 12539 | D:8      | Reached skill level 1 in Hexes
 12796 | D:8      | Noticed a two-headed ogre
 12813 | D:8      | Killed a two-headed ogre
 13408 | D:9      | Reached skill level 5 in Fighting
 13535 | D:9      | Found Ixout's Food Shop.
 13684 | D:9      | Received a gift from Nemelex Xobeh
 13712 | D:9      | Noticed Psyche
 13723 | D:9      | Killed Psyche
 13723 | D:9      | Reached skill level 10 in Conjurations
 13956 | D:9      | Noticed Pikel
 13978 | D:9      | Reached XP level 11. HP: 53/72 MP: 14/21
 14194 | D:9      | Found Udikleoly's General Store.
 14209 | D:9      | Killed Pikel
 14254 | D:9      | Learned a level 3 spell: Dazzling Flash
 14266 | D:9      | Bought a scroll of blinking for 90 gold pieces
 14449 | D:9      | HP: 2/72 [orc warrior/+0 war axe (19)]
 14909 | D:9      | Found a staircase to the Orcish Mines.
 14978 | D:9      | Found Moun's Assorted Antiques.
 15347 | D:9      | Bought a scroll of identify for 58 gold pieces
 15347 | D:9      | Bought a scroll labeled AKKIMI ASENNOYMEI for 29 gold
                  | pieces
 15358 | D:9      | Found Xolloarch's Food Emporium.
 15592 | D:10     | Entered Level 10 of the Dungeon
 15597 | D:10     | Noticed an unseen horror
 15985 | D:10     | Killed an unseen horror
 16057 | D:10     | Received a gift from Nemelex Xobeh
 16131 | D:10     | Got a dazzling dagger
 16133 | D:10     | Identified the +9 dagger "Qostrifo" {venom, +Blink rF++}
                  | (You found it on level 10 of the Dungeon)
 16371 | D:10     | Reached *** piety under Nemelex Xobeh
 16568 | D:10     | Reached skill level 1 in Poison Magic
 17188 | D:11     | Found Losk's General Store.
 17218 | D:11     | Reached XP level 12. HP: 70/79 MP: 18/24
 17353 | D:11     | Bought a scroll of teleportation for 51 gold pieces
 17353 | D:11     | Bought a scroll of magic mapping for 59 gold pieces
 17353 | D:11     | Bought a scroll of identify for 34 gold pieces
 17377 | D:11     | Learned a level 2 spell: Poisonous Vapours
 18726 | D:11     | Received a gift from Nemelex Xobeh
 19032 | D:12     | Noticed a two-headed ogre
 19046 | D:12     | Killed a two-headed ogre
 19342 | Lair:1   | Entered Level 1 of the Lair of Beasts
 19391 | Lair:1   | Reached skill level 5 in Poison Magic
 19628 | Lair:1   | Noticed a six-headed hydra
 19638 | Lair:1   | Killed a six-headed hydra
 19834 | Lair:1   | Received a gift from Nemelex Xobeh
 20776 | Lair:2   | Reached **** piety under Nemelex Xobeh
 21152 | Lair:2   | Found a runed translucent door.
 21154 | Lair:2   | Noticed Kelepopn's ghost (journeyman TeAE)
 21156 | Lair:2   | Noticed a spriggan rider
 21505 | Lair:2   | Noticed Fannar
 21523 | Lair:2   | Killed Fannar
 21600 | Lair:2   | Identified a scroll of acquirement
 21600 | Lair:2   | Acquired an uncursed staff of energy
 21851 | Lair:2   | Found a hole to the Spider Nest.
 22173 | Lair:2   | Identified the cursed +2 trident of the Tired Visionaries
                  | {drain, Stlth+}
 22173 | Lair:2   | Identified the +3 leather armour of Vampiric Thralls {rN+
                  | Regen+ Dex+4 Stlth+}
 22173 | Lair:2   | Noticed a spriggan rider
 22354 | Lair:3   | Received a gift from Nemelex Xobeh
 22830 | Lair:3   | Reached XP level 13. HP: 63/83 MP: 26/26
 23009 | Lair:2   | Learned a level 4 spell: Olgreb's Toxic Radiance
 23321 | Lair:3   | Found a staircase to the Shoals.
 25263 | Lair:3   | Received a gift from Nemelex Xobeh
 25994 | Lair:4   | Reached skill level 10 in Invocations
 26066 | Lair:4   | Got a slimy spear
 26218 | Lair:5   | Got an ivory mace
 26219 | Lair:5   | Identified the +2 mace of Compassion {flame, +Fly Str+3}
                  | (You found it on level 5 of the Lair of Beasts)
 26220 | Lair:5   | Identified the +1 spear "Nuddyleb" {antimagic, Dex+2} (You
                  | found it on level 4 of the Lair of Beasts)
 26314 | Lair:5   | Reached skill level 10 in Poison Magic
 27163 | Lair:5   | Received a gift from Nemelex Xobeh
 27825 | Lair:5   | Reached skill level 10 in Spellcasting
 28400 | Lair:5   | Received a gift from Nemelex Xobeh
 28436 | Lair:5   | Learned a level 2 spell: Passwall
 28912 | Lair:6   | Entered Level 6 of the Lair of Beasts
 28912 | Lair:6   | Reached ***** piety under Nemelex Xobeh
 28920 | Lair:6   | Reached skill level 1 in Earth Magic
 29324 | Lair:6   | Reached XP level 14. HP: 68/90 MP: 20/28
 30517 | Lair:6   | Received a gift from Nemelex Xobeh
 30533 | Lair:6   | Found a viscous altar of Jiyva.
 30535 | Lair:6   | Found a staircase to the Slime Pits.
 31654 | Lair:6   | Reached skill level 1 in Evocations
 32847 | Lair:6   | Slain by a hell hound

Illustrated notes

Levels and vault maps discovered:
D:1:      dpeg_arrival_simpleton_c, layout_rooms
D:2:      layout_loops_corners, uniq_natasha, uniq_terence
D:3:      layout_basic, chequers_ecumenical_altar_island
D:4:      layout_basic, serial_forest, infiniplex_forest_straight_5,
          infiniplex_forest_lined_3, infiniplex_forest_clump_C,
          infiniplex_forest_corner_2, infiniplex_forest_lined_ring,
          infiniplex_forest_zigzag_1, infiniplex_forest_end_double,
          serial_shops, shop, uniq_sigmund
D:5:      layout_basic, first_ration, basic_altar, uniq_grinder
D:6:      layout_gridville, nemelex_xobeh_ov_fountains_minmay, minivault_24
D:7:      layout_basic, minmay_temple_entry_overgrown, gammafunk_ghost_grave,
          uniq_menkaure, uniq_prince_ribbit1, uniq_maggie
D:8:      layout_loops_ring, due_lair_maze_entry_diamond
D:9:      layout_loops_cross, david_orc_1_choice, serial_shops, shop, shop,
          nicolae_shop_waterfront, nicolae_shop_competitors_out_of_business,
          uniq_psyche, uniq_pikel
D:10:     layout_loops_ring
D:11:     layout_basic, serial_shops, nicolae_shop_trees
D:12:     layout_irregular_city
Temple:   nicolae_temple_the_god_donut
Lair:1:   layout_chaotic_city
Lair:2:   layout_loops_ring, spider_nest_entry_webs,
          ebering_ghost_funeral_grove, serial_bayou_shore_b, uniq_fannar
Lair:3:   layout_long_grid, shoals_dummy_entry, grunt_forest_large_clearings,
          uniq_gastronok
Lair:4:   layout_cave_shapes, special_room [special_room_bee]
Lair:5:   layout_roguey
Lair:6:   cheibrodos_lair_end_hotspot, layout_misc_corridors, slime_altar_1

Skill      XL: |  1  2  3  4  5  6  7  8  9 10 11 12 13 14 |
---------------+-------------------------------------------+-----
Stealth        | 3 4 5 6 |  6.2
Conjurations   | 2 3 4 5 7 8 10 11 | 11.0
Dodging        | 3 4 5 6 7 9 |  9.6
Fighting       | 2 4 5 6 7 |  7.9
Spellcasting   | 4 5 6 7 8 9 10 | 10.7
Summonings     | 2 |  2.0
Invocations    | 2 4 5 7 9 10 11 | 11.3
Translocations | 3 |  3.0
Hexes          | 2 4 |  4.0
Poison Magic   | 3 7 10 | 10.0
Earth Magic    | 2 4 |  4.8
Evocations     | 2 |  2.5

Action                   |  1- 3 |  4- 6 |  7- 9 | 10-12 | 13-15 || total
-------------------------+-------+-------+-------+-------+-------++-------
Melee: Unarmed           |     9 |       |       |       |       ||     9
       Constrict         |     8 |     5 |     7 |    23 |    39 ||    82
       Dagger            |    22 |    33 |    26 |   134 |   212 ||   427
       Tentacles         |     4 |     6 |     5 |    28 |    42 ||    85
       Staff             |       |       |       |       |     3 ||     3
 Cast: Magic Dart        |    57 |   121 |   199 |   634 |    84 ||  1095
       Call Imp          |     5 |    28 |    36 |    17 |    18 ||   104
       Conjure Flame     |       |     1 |     7 |    44 |    14 ||    66
       Mephitic Cloud    |       |       |     6 |    31 |    13 ||    50
       Searing Ray       |       |       |    11 |    57 |    37 ||   105
       Iskenderun's Myst |       |       |       |    19 |     2 ||    21
       Blink             |       |       |       |    14 |    17 ||    31
       Fulminant Prism   |       |       |       |     4 |     5 ||     9
       Dazzling Flash    |       |       |       |     3 |    23 ||    26
       Poisonous Vapours |       |       |       |    40 |   206 ||   246
       Olgreb's Toxic Ra |       |       |       |       |    48 ||    48
       Passwall          |       |       |       |       |     3 ||     3
Invok: Draw Escape       |       |     1 |     3 |       |     1 ||     5
       Draw Destruction  |       |       |     1 |     4 |     5 ||    10
       Draw Summoning    |       |       |     1 |       |     2 ||     3
       Triple Draw       |       |       |       |       |     1 ||     1
       Stack Five        |       |       |       |       |     1 ||     1
       Draw Stack        |       |       |       |       |     1 ||     1
  Use: Scroll            |       |       |    17 |     9 |     2 ||    28
       Potion            |       |       |     1 |     2 |     1 ||     4
 Stab: Sleeping          |       |     2 |       |    10 |     5 ||    17
       Confused          |       |       |     1 |     2 |     1 ||     4
       Invisible         |       |       |       |       |     2 ||     2
  Eat: Chunk             |     3 |    10 |     7 |    34 |    17 ||    71
       Ration            |       |     2 |     2 |     1 |     4 ||     9
Armor: Skin              |     3 |     2 |     3 |    13 |    11 ||    32
Dodge: Dodged            |    30 |    32 |    89 |   325 |   346 ||   822
